 Dungeon Crawl Stone Soup version 0.20-a0-984-ge8aa303 (webtiles) character file.

319 Monsterracer the Cudgeler (level 6, -1/55 HPs)
             Began as a Deep Dwarf Fighter on Apr 10, 2017.
             Incinerated by crawlian's ghost (3 damage)
             ... with a sticky flame
             ... on level 4 of the Dungeon.
             The game lasted 00:09:50 (2522 turns).

Monsterracer the Cudgeler (Deep Dwarf Fighter)      Turns: 2522, Time: 00:09:51

Health: -1/55      AC:  6    Str: 19 (20) XL:     6   Next: 21%
Magic:  5/5        EV:  7    Int:  6 (8)  God:
Gold:   110        SH:  9    Dex: 12 (14) Spells: 5/5 levels left

rFire    . . .     SeeInvis .   a - +0 flail
rCold    . . .     Gourm    .   c - +0 shield
rNeg     . . .     Faith    .   b - +0 scale mail
rPois    .         Spirit   .   (no helmet)
rElec    .         Reflect  .   (no cloak)
rCorr    .         Harm     .   (no gloves)
MR       .....                  (no boots)
Stlth    ..........             (no amulet)
Regen    0.0/turn               (no ring)
MPRegen  0.1/turn               (no ring)

@: liquid flames, non-regenerating, hasted, glowing, very quick
A: damage resistance, heal wounds, sense surroundings 1, no regeneration
a: Heal Wounds


You were on level 4 of the Dungeon.
You were not hungry.

You visited 1 branch of the dungeon, and saw 4 of its levels.

You collected 110 gold pieces.

Inventory:

Hand Weapons
 a - a +0 flail (weapon)
Armour
 b - a +0 scale mail (worn)
 c - a +0 shield (worn)
Scrolls
 d - a scroll of remove curse {unknown}
 e - a scroll of magic mapping {unknown}
 h - a scroll of random uselessness {unknown}
 i - 2 scrolls of teleportation {unknown}
 j - 3 scrolls of identify {unknown}
 k - a scroll of enchant weapon {unknown}
Comestibles
 f - 2 bread rations
 g - a royal jelly
 l - a meat ration
 o - a chunk of flesh


   Skills:
 - Level 2.6 Fighting
 + Level 6.6 Maces & Flails
 - Level 3.2 Armour
 - Level 3.2 Shields


You had 5 spell levels left.
You didn't know any spells.

Dungeon Overview and Level Annotations

Branches:
Dungeon (4/15)
 Temple: D:4-7

Altars:


Innate Abilities, Weirdness & Mutations

You are resistant to damage.
You can heal yourself by infusing magical energy.
You passively map a small area around you.
You do not regenerate.


Message History

You destroy crawlian's ghost!
You have reached level 6!
Your experience leads to an increase in your attributes!
Your base attributes are Str 20, Int 8, Dex 13.
Increase (S)trength, (I)ntelligence, or (D)exterity?
You feel agile.
You are covered in liquid flames!
* * * LOW HITPOINT WARNING * * *
You are on fire!
You are covered in liquid flames!
* * * LOW HITPOINT WARNING * * *
You are covered in liquid flames!
You are covered in liquid flames!
* * * LOW HITPOINT WARNING * * *
You are covered in liquid flames!
* * * LOW HITPOINT WARNING * * *
You are covered in liquid flames!
* * * LOW HITPOINT WARNING * * *
You are covered in liquid flames!
You die...

### #<#
#####@#
#.....#
*
#.#####
, # , ,
* * * *
, * ,*
* * *
** ,


There were no monsters in sight!

Vanquished Creatures
  The ghost of Dingo the Skirmisher, an amateur BuSk (D:3)
  The ghost of crawlian the Firebug, an amateur DEFE (D:4)
  An iguana (D:3)
  2 adders (D:2)
  5 gnolls
  An ooze (D:1)
  A worm (D:3)
  3 orcs (D:3)
  13 giant cockroaches
  8 hobgoblins
  2 kobolds (D:3)
  A quokka (D:3)
  6 bats
  2 frilled lizards
  13 goblins
  3 rats (D:1)
63 creatures vanquished.

Notes
Turn   | Place    | Note
-------+----------+-------------------------------------------
     0 | D:1      | Monsterracer the Deep Dwarf Fighter began the quest for the Orb.
     0 | D:1      | Reached XP level 1. HP: 20/20 MP: 1/1
   124 | D:1      | Reached XP level 2. HP: 22/27 MP: 2/2
   312 | D:1      | Reached skill level 3 in Maces & Flails
   427 | D:1      | Reached XP level 3. HP: 31/33 MP: 3/3
  1088 | D:2      | Reached skill level 4 in Maces & Flails
  1202 | D:2      | Reached XP level 4. HP: 27/40 MP: 4/4
  1569 | D:3      | Reached skill level 5 in Maces & Flails
  1766 | D:3      | Reached XP level 5. HP: 17/46 MP: 5/5
  1896 | D:3      | Noticed Dingo's ghost (amateur BuSk)
  1971 | D:3      | Killed Dingo's ghost
  1971 | D:3      | Reached skill level 6 in Maces & Flails
  2487 | D:4      | Noticed crawlian's ghost (amateur DEFE)
  2491 | D:4      | HP: 2/46 [burnt (1)]
  2516 | D:4      | Killed crawlian's ghost
  2516 | D:4      | Reached XP level 6. HP: 16/55 MP: 5/5
  2521 | D:4      | HP: 2/55 [burnt (1)]
  2522 | D:4      | Incinerated by crawlian's ghost

Vault maps used:
D:1:      minmay_arrival_cross
D:2:      minmay_roachtagon
D:3:      guppyfry_early_orc_mine
D:4:      lemuel_upstairs_altar, lemuel_doored_altar, first_bread

Skill      XL: |  1  2  3  4  5 |
---------------+----------------+-----
Maces & Flails | 3 4 5 6 |  6.6
Fighting       | |  2.6
Armour         | |  3.2
Shields        | |  3.2

Action                   |  1- 3 |  4- 6 || total
-------------------------+-------+-------++-------
Melee: Flail             |   114 |   188 ||   302
 Abil: Heal Wounds       |       |     4 ||     4
  Use: Potion            |     4 |     8 ||    12
  Eat: Chunk             |     1 |     5 ||     6
Armor: Scale mail        |    43 |    61 ||   104
Dodge: Dodged            |    26 |    47 ||    73
Block: Shield            |    58 |    80 ||   138
